 Dungeon Crawl Stone Soup version 0.28-a0-1334-g1c9ffb4daf (webtiles) character file.

Game seed: 18324038158051113972

1128 Grim the Destroyer (level 8, -4/41 HPs)
             Began as a Deep Elf Conjurer on Dec 28, 2021.
             Slain by an ice beast (9 damage)
             ... on level 6 of the Dungeon.
             The game lasted 00:15:41 (6268 turns).

Grim the Destroyer (Deep Elf Conjurer)              Turns: 6268, Time: 00:15:42

Health: -4/41      AC:  4    Str:  6      XL:     8   Next: 13%
Magic:  6/14       EV: 12    Int: 22 (24) God:
Gold:   175        SH:  0    Dex: 13      Spells: 5/13 levels left

rFire   . . .      SeeInvis .   c - +1 short sword (speed)
rCold   . . .      Faith    .   (no shield)
rNeg    . . .      Spirit   .   a - +0 robe
rPois   +          Reflect  .   (no helmet)
rElec   .          Harm     .   (no cloak)
rCorr   .          Rampage  .   t - +0 pair of gloves
Will    .....                   k - +0 pair of boots
Stlth   ++........              (no amulet)
HPRegen 0.13/turn               w - ring of poison resistance
MPRegen 0.14/turn               (no ring)

@: no status effects
A: no striking features
a: no special abilities


You were on level 6 of the Dungeon.
You visited 1 branch of the dungeon, and saw 6 of its levels.

You collected 175 gold pieces.

Inventory:

Hand Weapons
 c - a +1 short sword of speed (weapon)
 s - a +0 quarterstaff
Missiles
 i - 190 stones
 v - 9 poisoned darts
Armour
 a - a +0 robe (worn)
 e - an orb of energy
 k - a +0 pair of boots (worn)
 t - a +0 pair of gloves (worn)
Jewellery
 w - a ring of poison resistance (left hand)
Scrolls
 b - 2 scrolls of amnesia {unknown}
 f - a scroll of identify {unknown}
 g - a scroll of summoning {unknown}
 j - 3 scrolls of noise {unknown}
 m - a scroll of acquirement {unknown}
 n - 2 scrolls of teleportation {unknown}
 q - a scroll of silence {unknown}
 r - 2 scrolls of enchant weapon {unknown}
 u - a scroll of torment {unknown}
 y - a scroll of enchant armour {unknown}
Potions
 d - 2 potions of curing {unknown}
 h - 2 potions of ambrosia {unknown}
 l - a potion of might {unknown}
 o - 2 potions of haste {unknown}
 p - a potion of magic {unknown}
 x - a potion of degeneration {unknown}


   Skills:
 - Level 2.4 Dodging
 - Level 2.4 Stealth
 - Level 3.0 Spellcasting
 + Level 10.4 Conjurations
 * Level 3.0 Hexes
 + Level 1.5 Fire Magic
 - Level 3.0 Evocations


You had 5 spell levels left.
You knew the following spells:

 Your Spells              Type           Power      Damage    Failure   Level
a - Magic Dart            Conj           100%       1d8       1%          1
b - Searing Ray           Conj           98%        2d8       1%          2
c - Fulminant Prism       Conj/Hex       16%        3d11      8%          4
d - Foxfire               Conj/Fire      100%       2x1d9     1%          1

Your spell library contained the following spells:

 Spells                   Type           Power      Damage    Failure   Level
 Dazzling Flash           Conj/Hex       64%        N/A       2%          3
 Slow                     Hex            64%        N/A       3%          1
 Conjure Flame            Conj/Fire      29%        6-21      3%          3
 Confusing Touch          Hex            16%        N/A       11%         3
 Flame Wave               Conj/Fire      29%        2d6       11%         4
 Freeze                   Ice            12%        1d4       12%         1
 Inner Flame              Hex/Fire       13%        N/A       14%         3
 Hailstorm                Conj/Ice       26%        3d7       14%         4
 Iskenderun's Mystic Bla  Conj/Tloc      26%        2d7       14%         4
 Frozen Ramparts          Ice            6%         1d2       36%         3
 Gell's Gravitas          Tloc           3%         N/A       36%         3
 Teleport Other           Tloc           3%         N/A       36%         3
 Vampiric Draining        Necr           3%         2d6       36%         3
 Dispersal                Tloc           1%         N/A       100%        6


Dungeon Overview and Level Annotations

Branches:
Dungeon (6/15)
 Temple: D:4-7

Altars:
Elyvilon
Gozag
Nemelex Xobeh
Trog
Yredelemnul
Zin

Shops:
D:2 *


Message History

Found a shortbow.
An ice beast comes into view.
The ice beast misses you.
You see here 14 bolts.
Casting: Searing Ray (safe; 1% risk of failure)
Confirm with . or Enter, or press ? or * to list all spells.
Aiming: Searing Ray (safe; 1% risk of failure)
Press: ? - help, Shift-Dir - straight line, f - ice beast
Aim: an ice beast (83% to hit)
The searing ray hits the ice beast.
The ice beast is moderately wounded. (Press . to maintain the ray.)
The ice beast barely misses you.
The searing ray hits the ice beast but does no damage.
The ice beast is moderately wounded.
The ice beast hits you. The ice beast freezes you!
The searing ray hits the ice beast.
The ice beast is heavily wounded.
The ice beast hits you. The ice beast freezes you!
* * * LOW HITPOINT WARNING * * *
The searing ray hits the ice beast.
The ice beast is heavily wounded.
You finish channelling your searing ray.
The ice beast hits you.
* * * LOW HITPOINT WARNING * * *
The ice beast freezes you!
* * * LOW HITPOINT WARNING * * *
Casting: Searing Ray (safe; 1% risk of failure)
Confirm with . or Enter, or press ? or * to list all spells.
Aiming: Searing Ray (safe; 1% risk of failure)
Press: ? - help, Shift-Dir - straight line, f/p - ice beast
Aim: an ice beast (heavily wounded, 83% to hit)
The searing ray hits the ice beast.
The ice beast is severely wounded. (Press . to maintain the ray.)
The ice beast hits you but does no damage.
The searing ray misses the ice beast.
The ice beast hits you.
* * * LOW HITPOINT WARNING * * *
The ice beast freezes you!
You die...

################.#######
# #.#...... #...#.###
#...[.... #.#######
#.####### #.......#
#..####.# #@.# #Y.# #).#
#..# .... #..#. #..#.
...# .


You could see an ice beast.

Vanquished Creatures
  Eustachio (D:5)
  Sigmund (D:5)
  An ice beast (D:5)
  A necrophage (D:5)
  An ogre (D:5)
  A centaur (D:5)
  A bullfrog zombie (D:5)
  A centaur zombie (D:5)
  A hound (D:5)
  A jelly (D:4)
  2 orc priests
  An iguana (D:4)
  Ijyb (D:4)
  2 orc wizards
  2 hound skeletons (D:4)
  4 gnolls
  4 adders
  A river rat (D:5)
  An ufetubus (D:4)
  3 worms
  A dart slug (D:2)
  12 orcs
  3 bats
  6 endoplasms
  2 giant cockroaches
  3 goblins
  5 hobgoblins
  2 jackals (D:4)
  7 kobolds
  2 quokkas (D:5)
  5 ball pythons
  2 frilled lizards
  6 rats
  A spectral goblin (D:2)
88 creatures vanquished.

Vanquished Creatures (others)
  20 foxfires (D:5)
  5 fulminant prisms (D:5)
25 creatures vanquished.

Grand Total: 113 creatures vanquished

Notes
Turn   | Place    | Note
-------+----------+-------------------------------------------
     0 | D:1      | Grim the Deep Elf Conjurer began the quest for the Orb.
     0 | D:1      | Reached XP level 1. HP: 10/10 MP: 6/6
   615 | D:1      | Reached XP level 2. HP: 12/15 MP: 6/8
   706 | D:1      | Reached skill level 5 in Conjurations
  1057 | D:2      | Found a faded altar of an unknown god.
  1203 | D:2      | Found Kecano's Assorted Antiques.
  1211 | D:2      | Reached XP level 3. HP: 19/19 MP: 4/9
  1458 | D:2      | Learned a level 2 spell: Searing Ray
  1813 | D:3      | Found a glowing silver altar of Zin.
  1813 | D:3      | Found a bloodstained altar of Trog.
  1937 | D:3      | Reached skill level 1 in Evocations
  2463 | D:4      | Reached skill level 6 in Conjurations
  2463 | D:4      | Reached XP level 4. HP: 24/24 MP: 6/10
  2772 | D:4      | Reached XP level 5. HP: 28/28 MP: 6/11
  3006 | D:4      | Found a basalt altar of Yredelemnul.
  3044 | D:4      | Noticed Ijyb
  3091 | D:4      | Killed Ijyb
  3377 | D:4      | Found a sparkling altar of Nemelex Xobeh.
  3377 | D:4      | Found an opulent altar of Gozag.
  3541 | D:5      | Entered Level 5 of the Dungeon
  3543 | D:5      | Noticed an ogre
  3593 | D:5      | Noticed a necrophage
  3604 | D:5      | Killed a necrophage
  3605 | D:5      | Reached skill level 7 in Conjurations
  3605 | D:5      | Reached XP level 6. HP: 32/32 MP: 5/12
  3661 | D:5      | Learned a level 4 spell: Fulminant Prism
  3663 | D:5      | Learned a level 1 spell: Foxfire
  3668 | D:5      | Noticed Eustachio
  3877 | D:5      | Killed Eustachio
  3878 | D:5      | Reached skill level 8 in Conjurations
  4200 | D:5      | Found a white marble altar of Elyvilon.
  4202 | D:5      | Reached XP level 7. HP: 36/36 MP: 6/13
  4565 | D:5      | Reached skill level 9 in Conjurations
  5087 | D:5      | Reached skill level 10 in Conjurations
  5636 | D:5      | Noticed Sigmund
  5648 | D:5      | Killed Sigmund
  5649 | D:5      | Reached skill level 1 in Fire Magic
  5649 | D:5      | Reached XP level 8. HP: 28/41 MP: 5/14
  6268 | D:6      | Slain by an ice beast

Illustrated notes

Levels and vault maps discovered:
D:1:      moated_graveyard_arrival, layout_basic, minmay_misc_feat_secret_circle
D:2:      layout_rooms, dreamdust_ecumenical_altar_drowned_temple, serial_shops,
          nicolae_shop_overgrown_old_shop, hex_intersection
D:3:      layout_rooms, gammafunk_temple_overflow_elements
D:4:      layout_cave_pools, mainiacjoe_overflow_surrounded_room,
          grunt_temple_overflow_opulence, hangedman_minor_gate_pass, uniq_ijyb
D:5:      layout_basic, mainiacjoe_overflow_small_starburst,
          gup_sewer_entry_bubbles, uniq_sigmund, uniq_eustachio
D:6:      layout_loops_ring, mainiacjoe_overflow_24_doors,
          nicolae_ossuary_entry_false_entrances, uniq_menkaure,
          uniq_blork_the_orc, uniq_grinder

Skill      XL: |  1  2  3  4  5  6  7  8 |
---------------+-------------------------+-----
Conjurations   | 5 6 7 8 10 | 10.4
Evocations     | 1 2 3 |  3.0
Hexes          | 2 3 |  3.0
Fire Magic     | 1 |  1.5
Dodging        | |  2.4
Stealth        | |  2.4
Spellcasting   | |  3.0

Action                   |  1- 3 |  4- 6 |  7- 9 || total
-------------------------+-------+-------+-------++-------
Melee: Short sword       |     6 |    18 |     1 ||    25
 Cast: Magic Dart        |    70 |    47 |    13 ||   130
       Searing Ray       |     3 |    10 |    15 ||    28
       Foxfire           |       |    12 |     2 ||    14
       Fulminant Prism   |       |       |     5 ||     5
 Stab: Sleeping          |     1 |       |       ||     1
Armor: Robe              |     1 |     1 |    12 ||    14
Dodge: Dodged            |     9 |    14 |    14 ||    37

Table legend: (Time is in decaauts)
 A = Elapsed time spent in this place.
 B = Non-inter-level travel time spent in this place.
 C = Inter-level travel time spent in this place.
 D = Time resting spent in this place.
 E = Time spent auto-exploring this place.
 F = Levels seen in this place.
 G = Mean time per level.
                   A        B        C        D        E       F      G
               +--------+--------+--------+--------+--------+-----+--------+
         Total |   6303 |   6206 |     97 |   2334 |   3013 |   6 | 1050.5 |
       Dungeon |   6303 |   6206 |     97 |   2334 |   3013 |   6 | 1050.5 |
               +--------+--------+--------+--------+--------+-----+--------+

Top non-repeatable levels by time:
     D:5: 2131 daAuts
     D:4: 1546 daAuts
     D:1: 942 daAuts
     D:3: 805 daAuts
     D:2: 761 daAuts
     D:6: 116 daAuts
